 Dungeon Crawl Stone Soup version 0.31.0-11-ge490571c62 (webtiles) character file.

Game seed: 16975394084592747429

207 Mamutox the Ruffian (level 5, -2/49 HPs)
             Began as a Troll Shapeshifter on Jan 30, 2024.
             Engulfed by a steam dragon's steam (6 damage)
             ... on level 3 of the Dungeon.
             The game lasted 00:07:34 (2601 turns).

Mamutox the Ruffian (Troll Shapeshifter)            Turns: 2601, Time: 00:07:35

Health: -2/49      AC:  4    Str: 24    XL:     5   Next: 54%
Magic:  4/4        EV: 10    Int:  6    God:
Gold:   54         SH:  0    Dex:  9    Spells: 4/4 levels left

rFire   . .          .
                       - Unarmed
rCold   . . .        (no shield)
rNeg    . . .        a - +0 animal skin
rPois   .            (helmet currently unavailable)
rElec   .            (cloak currently unavailable)
rCorr   .            (gloves unavailable)
SInv    .            (boots unavailable)
Will    .....        (no amulet)
Stlth   +            (no ring)
HPRegen 1.08/turn    (no ring)
MPRegen 0.09/turn

%: no passive effects
@: brilliant, beast-form
A: beast (slay +2), large, unfitting armour, claws 3, regeneration 1, shaggy fur
1, tough skin 1
a: Begin Untransformation


You were on level 3 of the Dungeon.
You were a hulking beast.
You visited 1 branch of the dungeon, and saw 3 of its levels.

You collected 54 gold pieces.

Inventory:

Armour
 a - a +0 animal skin (worn)
Jewellery
 j - an amulet of faith
 q - a ring of see invisible
Talismans
 c - a beast talisman (active)
 d - a flux talisman
Scrolls
 f - a scroll of torment
 g - a scroll of identify
 h - a scroll of teleportation {unknown}
 k - a scroll of revelation {unknown}
 l - a scroll of immolation {unknown}
 m - a scroll of poison {unknown}
 n - a scroll of fog {unknown}
 p - a scroll of amnesia {unknown}
Potions
 b - a potion of lignification


   Skills:
 + Level 2.3 Fighting
 + Level 2.7 Dodging
 + Level 4.0 Unarmed Combat
 + Level 3.8 Shapeshifting


You had 4 spell levels left.
You didn't know any spells.
Your spell library was empty.

Dungeon Overview and Level Annotations

Branches:
Dungeon (3/15)

Altars:

Shops:
D:3 =

Annotations:
D:3 1 transporter, 7tar4e's ghost, amateur OpSh


Innate Abilities, Weirdness & Mutations

You are a hulking beast.
Your limbs bulge with bestial killing power. (Slay +2)
You are too large for most types of armour.
You have claws for hands.
Your natural rate of healing is unusually fast.
You are covered in fur. (AC +1)
You have tough skin. (AC +1)


Message History

The giant cockroach dies!
The ball of steam hits you!!
There is a transporter landing site here.
You claw the quokka!
You kill the quokka! 7tar4e's ghost is engulfed in a cloud of scalding steam.
You closely miss the steam dragon.
You are engulfed in a cloud of scalding steam.
The steam dragon misses you.
The steam dragon claws you but does no damage. 7tar4e's ghost whispers, "Death doesn't hurt.
What you feel is life." 7tar4e's ghost hits you!
The kobold is engulfed in a cloud of scalding steam.
You completely miss the steam dragon.
You are engulfed in a cloud of scalding steam.
The steam dragon bites you.
* * * LOW HITPOINT WARNING * * *
The steam dragon closely misses you. 7tar4e's ghost barely misses you.
You claw the steam dragon!
The steam dragon is moderately wounded.
The steam dragon closely misses you.
The steam dragon completely misses you. 7tar4e's ghost is engulfed in a cloud of scalding steam. 7tar4e's ghost barely misses you.
The kobold hits you with a +0 short sword.
* * * LOW HITPOINT WARNING * * *
You scratch the kobold.
You kill the kobold!
The steam dragon bites you!
* * * LOW HITPOINT WARNING * * *
The steam dragon claws you but does no damage. 7tar4e's ghost barely misses you.
You barely miss 7tar4e's ghost. 7tar4e's ghost is moderately damaged.
The steam dragon breathes steam at you. The ball of steam misses you.
Unknown command.
You claw the steam dragon!
The steam dragon is severely wounded.
You are engulfed in a cloud of scalding steam.
You die...

.##.##.# ####.#########...##
.##.##.###.............#+##
.......##................########
###.#####...#########....#.......
#.# #..##.......##...#.#####. #.#
#..#8..#.#..8#.....#####.
###.#####..#$.#...#..#.....##....
...........#$§§..W...#........##.
########..©#(.§§hD†..#©..#.......
##..#.§§).)...#...#.######
#..#..#...#..#...#.#
#..#8..#.#..8#.....#
#..##......©##...###
#...#########....#
#................#
##.............#.# ######
####........###.# #.....


You could see a steam dragon (catching breath) and 7tar4e's ghost.

Vanquished Creatures
  A bullfrog (D:3)
  A bombardier beetle (D:3)
  Natasha (D:2)
  Robin (D:2)
  An adder (D:3)
  A dart slug (D:1)
  An orc (D:2)
  7 endoplasms
  4 giant cockroaches
  12 goblins
  6 hobgoblins
  5 jackals (D:1)
  6 kobolds
  A quokka (D:3)
  3 ball pythons
  3 bats
  2 frilled lizards
  3 rats
59 creatures vanquished.

Vanquished Creatures (others)
  A giant cockroach (D:3)
1 creature vanquished.

Grand Total: 60 creatures vanquished

Notes
Turn   | Place    | Note
-------+----------+-------------------------------------------
     0 | D:1      | Mamutox the Troll Shapeshifter began the quest for the Orb.
     0 | D:1      | Reached XP level 1. HP: 18/18 MP: 0/0
    59 | D:1      | Reached skill level 1 in Fighting
   207 | D:1      | Reached XP level 2. HP: 23/27 MP: 1/1
   911 | D:2      | Noticed Robin
   913 | D:2      | Reached XP level 3. HP: 33/33 MP: 2/2
   947 | D:2      | Killed Robin
  1221 | D:2      | Noticed Natasha
  1227 | D:2      | Killed Natasha
  1228 | D:2      | Reached XP level 4. HP: 34/42 MP: 3/3
  1849 | D:3      | Found Biyffeuq's Jewellery Emporium.
  2018 | D:3      | Found a transporter.
  2020 | D:3      | Noticed 7tar4e's ghost (amateur OpSh)
  2021 | D:3      | Noticed a steam dragon
  2023 | D:3      | Found a transporter.
  2132 | D:3      | Reached XP level 5. HP: 49/49 MP: 4/4
  2436 | D:3      | Reached skill level 4 in Unarmed Combat
  2601 | D:3      | Engulfed by a steam dragon's steam

Illustrated notes

Levels and vault maps discovered:
D:1:      erik_arrival_cave_to_civilisation [erik_arrival_cave_to_hall],
          layout_basic
D:2:      layout_basic, chequers_serial_rivers_micro_c, due_unseen_surprise,
          uniq_robin, uniq_natasha
D:3:      layout_loops_corners, serial_shops, shop, gammafunk_ghost_arena

Skill      XL: |  1  2  3  4  5 |
---------------+----------------+-----
Fighting       | 1 2 |  2.3
Dodging        | 2 |  2.7
Unarmed Combat | 4 |  4.0
Shapeshifting  | |  3.8

Action                     |  1- 3 |  4- 6 || total
---------------------------+-------+-------++-------
  Melee: Unarmed           |   109 |    40 ||   149
         Punch             |       |     1 ||     1
    Use: Potion            |       |     3 ||     3
         Scroll            |       |     1 ||     1
   Stab: Sleeping          |       |     1 ||     1
 Armour: Animal skin       |    67 |    24 ||    91
  Dodge: Dodged            |    35 |    19 ||    54
   Form: Beast             |     1 |       ||     1
